 Dungeon Crawl Stone Soup version 0.20-a0-548-g4f8a798 (webtiles) character file.

305 Alarkh the Slasher (level 6, 0/47 HPs)
             Began as a Demonspawn Monk on Feb 1, 2017.
             Succumbed to a worker ant's poison
             ... on level 3 of the Dungeon.
             The game lasted 00:03:35 (3178 turns).

Alarkh the Slasher (Demonspawn Monk)                Turns: 3178, Time: 00:03:36

Health: 0/47       AC:  5    Str: 16    XL:     6   Next: 15%
Magic:  6/6        EV: 13    Int: 13    God:
Gold:   124        SH:  0    Dex: 18    Spells: 5/5 levels left

rFire    + . .     SeeInvis .   a - +0 falchion
rCold    + . .     Gourm    .   b - +0 robe
rNeg     . . .     Faith    .   (no shield)
rPois    .         Spirit   .   g - +0 helmet
rElec    .         Reflect  .   (no cloak)
rCorr    .         Harm     .   (no gloves)
MR       .....                  (no boots)
Stlth    ++........             j - amulet of magic regeneration
Regen    0.2/turn               (no ring)
                                f - ring of protection from cold

@: mighty, lethally poisoned (0 -> -1)
A: icy blue scales 1, agile 1, fire resistance 1, flame cloud immunity
a: no special abilities


You were on level 3 of the Dungeon.
You were hungry.

You visited 1 branch of the dungeon, and saw 4 of its levels.

You collected 124 gold pieces.

Inventory:

Hand Weapons
 a - a +0 falchion (weapon)
Armour
 b - a +0 robe (worn)
 g - a +0 helmet (worn)
Jewellery
 f - a ring of protection from cold (left hand)
 j - an amulet of magic regeneration (around neck)
Scrolls
 d - a scroll of recharging {unknown}
 e - 3 scrolls of identify
 l - a scroll of magic mapping {unknown}
Comestibles
 c - 2 bread rations
 m - a meat ration


   Skills:
 - Level 3.0 Fighting
 + Level 6.3 Long Blades
 - Level 2.6 Dodging
 - Level 1.7 Stealth


You had 5 spell levels left.
You didn't know any spells.

Dungeon Overview and Level Annotations

Branches:
Dungeon (4/15)
 Temple: D:4-7

Altars:
Cheibriados
Sif Muna
Xom


Innate Abilities, Weirdness & Mutations

You are partially covered in icy blue scales. (AC +2)
Your flesh is heat resistant. (rF+)
You are immune to clouds of flame.
You are agile. (Dex +2)


Message History

The hound is heavily wounded.
You hit the hound.
The hound is severely wounded.
The hound barely misses you. The hound closely misses you.
You slash the hound!
You kill the hound!
* * * LOW HITPOINT WARNING * * *
You feel sick.
You aren't carrying any potions.
There is a stone staircase leading down here.
There is a lethal amount of poison in your body!
There is a lethal amount of poison in your body!
There is a lethal amount of poison in your body!
There is a lethal amount of poison in your body!
There is a lethal amount of poison in your body!
* * * LOW HITPOINT WARNING * * *
You feel sick.
* * * LOW HITPOINT WARNING * * *
You feel sick.
You die...

##.#.......#.###.#........#
...##....#.......#....#.###
.....(.....#####.#...#..#
...<.(.............###.##
............#####.## #.#
.....)........###.# #.#
.....#####.##.(...# #.#
.....# #.####..## #.#
.....# #..####@# #.#
.....### ##...#### #.#
.......## ###..# #.#
........######.# #.#
...............# #.#
.........####### #.#
.........# ##.## .........#
#...#
.........############...#


There were no monsters in sight!

Vanquished Creatures
  A bullfrog (D:3)
  A hound (D:3)
  2 orc wizards (D:3)
  A worker ant (D:3)
  Robin (D:3)
  5 adders
  3 dart slugs
  2 leopard geckos
  2 orcs (D:3)
  8 bats
  2 giant cockroaches
  15 hobgoblins
  2 jackals
  5 frilled lizards
  13 goblins
  7 kobolds
  7 rats
77 creatures vanquished.

Notes
Turn   | Place    | Note
-------+----------+-------------------------------------------
     0 | D:1      | Alarkh the Demonspawn Monk began the quest for the Orb.
     0 | D:1      | Reached XP level 1. HP: 18/18 MP: 1/1
   128 | D:1      | Reached skill level 3 in Long Blades
   326 | D:1      | Gained mutation: Your flesh is heat resistant. (rF+) [demonic ancestry]
   326 | D:1      | Reached XP level 2. HP: 24/24 MP: 2/2
   893 | D:2      | Found a snail-covered altar of Cheibriados.
   904 | D:2      | Gained mutation: You have a pair of small horns on your head. [potion of mutation]
   904 | D:2      | Gained mutation: You are agile. (Dex +2) [potion of mutation]
   904 | D:2      | Lost mutation: You have a pair of small horns on your head. [potion of mutation]
   911 | D:2      | Reached XP level 3. HP: 8/29 MP: 3/3
  1255 | D:2      | Reached skill level 4 in Long Blades
  1496 | D:2      | Found a shimmering altar of Xom.
  1497 | D:2      | Found a shimmering altar of Xom.
  1498 | D:2      | Found a shimmering altar of Xom.
  1498 | D:2      | Found a shimmering altar of Xom.
  1823 | D:2      | Gained mutation: You are partially covered in icy blue scales. (AC +2) [demonic ancestry]
  1823 | D:2      | Reached XP level 4. HP: 34/35 MP: 4/4
  2111 | D:3      | Noticed Robin
  2139 | D:3      | Killed Robin
  2291 | D:3      | Reached skill level 5 in Long Blades
  2736 | D:3      | Gained mutation: You are immune to clouds of flame. [demonic ancestry]
  2736 | D:3      | Reached XP level 5. HP: 41/41 MP: 5/5
  3045 | D:3      | Found a deep blue altar of Sif Muna.
  3106 | D:3      | Reached skill level 6 in Long Blades
  3165 | D:3      | Reached XP level 6. HP: 3/47 MP: 6/6
  3165 | D:3      | HP: 2/47 [poisoned by a worker ant]
  3170 | D:3      | HP: 1/47 [poisoned by a worker ant]
  3178 | D:3      | Succumbed to a worker ant's poison

Vault maps used:
D:1:      minmay_arrival_solitary_statue, minmay_close_crescents
D:2:      cheibriados_altar_1, xom_redecorated
D:3:      lemuel_coloured_pillars_altar, minmay_misc_feat_encased, uniq_robin
D:4:      nemelex_xobeh_ov_fountains_minmay, temple_hall,
          serial_co_window_serial, co_window_corner_a, co_window_corner_a,
          co_window_paths_a, co_window_of_opportunity_a,
          co_window_of_opportunity_a, co_window_cross_2, co_window_corner_b,
          co_window_unsneaky_path_d, co_window_of_opportunity_b,
          co_window_corner_ca, co_window_4corner_b, st_stairs_5

Skill      XL: |  1  2  3  4  5 |
---------------+----------------+-----
Long Blades    | 3 4 5 6 |  6.3
Fighting       | |  3.0
Dodging        | |  2.6
Stealth        | |  1.7

Action                   |  1- 3 |  4- 6 || total
-------------------------+-------+-------++-------
Melee: Falchion          |   122 |   152 ||   274
  Use: Potion            |     2 |     6 ||     8
       Scroll            |     1 |     1 ||     2
 Stab: Sleeping          |     8 |     1 ||     9
       Invisible         |       |    11 ||    11
  Eat: Chunk             |     3 |     4 ||     7
Armor: Robe              |    24 |    38 ||    62
Dodge: Dodged            |    87 |   110 ||   197
       Rpst.: Falchion   |    32 |    35 ||    67
